 Dungeon Crawl Stone Soup version 0.26-a0-466-g989023bd0d (webtiles) character file.

Game seed: 5835162899004726114

319 graki42 the Sneak (level 6, -11/28 HPs)
             Began as a Spriggan Enchanter on Aug 6, 2020.
             Killed by divine providence
             ... invoked by an orc priest
              (14 damage)
             ... on level 3 of the Dungeon.
             The game lasted 00:11:17 (3190 turns).

graki42 the Sneak (Spriggan Enchanter)              Turns: 3190, Time: 00:11:22

Health: -11/28     AC:  9    Str:  6    XL:     6   Next: 21%
Magic:  8/13       EV: 20    Int: 17    God:
Gold:   180        SH:  0    Dex: 16    Spells: 4/13 levels left

rFire    . . .     SeeInvis +   n - +1 dagger (protect)
rCold    . . .     Faith    .   (shield restricted)
rNeg     . . .     Spirit   .   b - +0 robe
rPois    .         Reflect  .   (helmet restricted)
rElec    .         Harm     .   (no cloak)
rCorr    .                      (gloves unavailable)
MR       +....                  (boots unavailable)
Stlth    +++.......             (no amulet)
HPRegen  0.09/turn              (no ring)
MPRegen  0.13/turn              (no ring)

@: protection aura, flying, very slightly contaminated, hasted, very quick
A: very small, unfitting armour, see invisible, speed 3
a: no special abilities


You were on level 3 of the Dungeon.
You visited 1 branch of the dungeon, and saw 3 of its levels.

You collected 180 gold pieces.

Inventory:

Hand Weapons
 n - a +1 dagger of protection (weapon)
Armour
 b - a +0 robe (worn)
 q - a +0 buckler (quivered)
Wands
 p - a wand of random effects (23)
Scrolls
 a - a scroll of immolation {unknown}
 d - 4 scrolls of teleportation {unknown}
 e - 2 scrolls of magic mapping {unknown}
 f - 3 scrolls of identify {unknown}
 g - 2 scrolls of amnesia {unknown}
 i - 3 scrolls of enchant weapon {unknown}
 k - a scroll of blinking {unknown}
 l - a scroll of remove curse {unknown}
 m - a scroll of random uselessness {unknown}
Potions
 c - a potion of flight
 h - a potion of degeneration {unknown}
 j - a potion of haste
 o - a potion of berserk rage {unknown}


   Skills:
 + Level 2.8 Short Blades
 + Level 4.9 Dodging
 + Level 6.0 Stealth
 + Level 4.0 Spellcasting
 + Level 4.9 Hexes
 + Level 1.5 Ice Magic


You had 4 spell levels left.
You knew the following spells:

 Your Spells              Type           Power        Failure   Level
a - Corona                Hex            ###....      1%          1
b - Ensorcelled Hibernat  Hex/Ice        ##....       6%          2
c - Confusing Touch       Hex            ###.....     6%          3
d - Dazzling Flash        Conj/Hex       ##....       17%         3

Your spell library contained the following spells:

 Spells                   Type           Power        Failure   Level
 Tukima's Dance           Hex            ###.....     6%          3


Dungeon Overview and Level Annotations

Branches:
Dungeon (3/15)

Altars:


Innate Abilities, Weirdness & Mutations

You are very small and have problems with some larger weapons.
You are too small for most types of armour.
You have supernaturally acute eyesight. (SInv)
You cover ground extremely quickly.


Message History

The orc priest mumbles some strange prayers to Beogh against you.
Beogh smites you!
* * * LOW HITPOINT WARNING * * *
Quiver which item? (- for none, * to show all) (? for menu, Esc to quit)
Quiver which item? (- for none, * to show all) (? for menu, Esc to quit)
Quivering
q - a buckler for throwing.
Unknown command.
Quiver which item? (- for none, * to show all) (? for menu, Esc to quit)
Quiver which item? (- for none, * to show all) (? for menu, Esc to quit)
Okay, then.
It was a potion of haste.
You feel yourself speed up. The orc wizard completely misses you.
It was a potion of flight.
You feel very buoyant.
You fly up into the air.
The orc wizard begins to cast a cantrip, but forgets the words!
The orc priest mumbles some strange prayers to Beogh against you.
Beogh smites you!
Ouch! That really hurt!
You die...

#.# #####.##### #### #.#
#.# #.# #.# #.# #.#
#.##### #.# ### #.#
#.....# #.# #.. $..
#####.###.####.# ...
#.#.........
...(o#########.#.#.#####.
....hhoo@........#.#####.
....h#########...........
... #####....... .
########


You could see 2 orc priests, an orc wizard and 3 jackals.

Vanquished Creatures
  Sigmund (D:2)
  An orc priest (D:3)
  Jessica (D:2)
  Terence (D:2)
  3 adders
  2 worms
  2 dart slugs (D:2)
  A leopard gecko (D:2)
  3 orcs (D:3)
  3 giant cockroaches
  9 hobgoblins
  2 kobolds (D:2)
  A quokka (D:2)
  A ball python (D:2)
  3 bats
  3 frilled lizards (D:2)
  6 goblins
  4 rats
47 creatures vanquished.

Notes
Turn   | Place    | Note
-------+----------+-------------------------------------------
     0 | D:1      | graki42 the Spriggan Enchanter began the quest for the Orb.
     0 | D:1      | Reached XP level 1. HP: 9/9 MP: 5/5
   540 | D:1      | Reached XP level 2. HP: 13/13 MP: 6/6
   544 | D:1      | Learned a level 2 spell: Ensorcelled Hibernation
  1622 | D:2      | Reached XP level 3. HP: 15/16 MP: 1/8
  1731 | D:2      | Found a faded altar of an unknown god.
  1756 | D:2      | Noticed Jessica
  1761 | D:2      | Killed Jessica
  1761 | D:2      | Reached skill level 5 in Stealth
  1801 | D:2      | Reached XP level 4. HP: 21/21 MP: 5/10
  1845 | D:2      | Learned a level 3 spell: Confusing Touch
  1849 | D:2      | Learned a level 3 spell: Dazzling Flash
  2249 | D:2      | Noticed Terence
  2249 | D:2      | Noticed Sigmund
  2475 | D:2      | Killed Terence
  2565 | D:2      | Killed Sigmund
  2565 | D:2      | Reached skill level 1 in Ice Magic
  2565 | D:2      | Reached XP level 5. HP: 24/24 MP: 3/12
  2661 | D:2      | Reached XP level 6. HP: 28/28 MP: 10/13
  3059 | D:3      | Reached skill level 6 in Stealth
  3190 | D:3      | Killed from afar by an orc priest

Illustrated notes

Levels and vault maps discovered:
D:1:      minmay_arrival_five_plusses, layout_loops_cross,
          minmay_stone_trees_small
D:2:      layout_basic, serial_glass, glass_columns_a, glass_columns_a,
          glass_columns_a, glass_columns_a, glass_columns_a, glass_columns_b,
          chequers_ecumenical_altar_simple, uniq_terence, uniq_jessica,
          uniq_sigmund
D:3:      layout_loops_ring

Skill      XL: |  1  2  3  4  5  6 |
---------------+-------------------+-----
Spellcasting   | 3 4 |  4.0
Hexes          | 4 |  4.9
Stealth        | 5 6 |  6.0
Short Blades   | 2 |  2.8
Dodging        | 4 |  4.9
Ice Magic      | 1 |  1.5

Action                   |  1- 3 |  4- 6 || total
-------------------------+-------+-------++-------
Melee: Dagger            |   135 |    96 ||   231
 Cast: Ensorcelled Hiber |    10 |    13 ||    23
       Corona            |     5 |     1 ||     6
       Confusing Touch   |       |     2 ||     2
  Use: Potion            |       |     2 ||     2
 Stab: Sleeping          |    11 |    11 ||    22
       Confused          |       |     2 ||     2
Armor: Robe              |    17 |    11 ||    28
Dodge: Dodged            |    99 |    54 ||   153

Table legend: (Time is in decaauts)
 A = Elapsed time spent in this place.
 B = Non-inter-level travel time spent in this place.
 C = Inter-level travel time spent in this place.
 D = Time resting spent in this place.
 E = Time spent auto-exploring this place.
 F = Levels seen in this place.
 G = Mean time per level.
                   A        B        C        D        E       F      G
               +--------+--------+--------+--------+--------+-----+--------+
         Total |   2557 |   2536 |     21 |    747 |   1316 |   3 |  852.3 |
       Dungeon |   2557 |   2536 |     21 |    747 |   1316 |   3 |  852.3 |
               +--------+--------+--------+--------+--------+-----+--------+

Top non-repeatable levels by time:
     D:2: 1655 daAuts
     D:1: 637 daAuts
     D:3: 264 daAuts
